 Dungeon Crawl Stone Soup version 0.18.1-8-gdd0e5ea (webtiles) character file.

162 buf2 the Bolt Thrower (level 5, -4/39 HPs)
             Began as a Human Hunter on May 24, 2016.
             Killed by divine providence
             ... invoked by an orc priest
              (13 damage)
             ... on level 4 of the Dungeon.
             The game lasted 00:14:56 (3112 turns).

buf2 the Bolt Thrower (Human Hunter)                Turns: 3112, Time: 00:14:56

Health: -4/39      AC:  3    Str: 13    XL:     5   Next: 71%
Magic:  10/14      EV: 12    Int: 16    God:
Gold:   118        SH:  0    Dex: 13    Spells: 0 memorised, 4 levels left

rFire  . . .     SeeInvis .     b - +0 short sword
rCold  . . .     Gourm    .     c - +0 leather armour
rNeg   . . .     Faith    .     (no shield)
rPois  .         Spirit   .     (no helmet)
rElec  .         Dismiss  .     (no cloak)
rCorr  .         Reflect  .     (no gloves)
SustAt .         Harm     .     (no boots)
MR     .....                    C - amulet of regeneration
Stlth  +.........               A - ring of magical power
                                t - +4 ring of intelligence

@: slowed, very slow, not resistant to hostile enchantments, very unstealthy
A: no striking features
a: no special abilities


You were on level 4 of the Dungeon.
You were not hungry.

You visited 1 branch of the dungeon, and saw 4 of its levels.

You collected 118 gold pieces.

Inventory:

Hand Weapons
 a - a +1 hand crossbow
 b - a +0 short sword (weapon)
 j - a +0 hand axe
 l - a +0 whip
Missiles
 d - 30 bolts
 h - 65 stones (quivered)
 m - 20 poisoned needles
 v - 17 sling bullets
Armour
 c - a +0 leather armour (worn)
 g - a +0 ring mail
 n - a +0 ring mail
 s - a +0 ring mail
 x - a +0 chain mail
 B - a +0 scale mail of cold resistance
Jewellery
 t - a +4 ring of intelligence (left hand)
 A - a ring of magical power (right hand)
 C - an amulet of regeneration (around neck)
Scrolls
 y - a scroll of remove curse
Potions
 e - a potion of flight
 i - a potion of heal wounds
 k - 2 potions of lignification
 o - a potion of brilliance {unknown}
 q - 2 potions of curing {unknown}
Miscellaneous
 w - a plain deck of destruction {drawn: 3}
Comestibles
 f - 2 bread rations
 p - 3 fruits
 u - 2 meat rations


   Skills:
 + Level 2.3 Fighting
 + Level 0.4 Short Blades
 + Level 5.4 Crossbows
 + Level 1.6 Armour
 + Level 3.0 Dodging
 + Level 1.0 Stealth
 + Level 0.4 Evocations


You had 4 spell levels left.
You didn't know any spells.

Dungeon Overview and Level Annotations

Branches:
Dungeon (4/15)
 Temple: D:4-7

Altars:
Ru


Message History

You hit the orc wizard but do no damage.
The orc wizard is moderately wounded.
The orc wizard gestures at you while chanting.
The magic dart hits you! The orc wizard closely misses you. x2
You hit the orc wizard.
The orc wizard is heavily wounded.
The orc wizard hits you with a dagger.
The orc wizard hits you but does no damage.
You barely miss the orc wizard.
The orc wizard is heavily wounded.
The orc wizard casts a spell at you. The magic dart hits you!
The orc priest invokes the aid of Beogh against you.
Beogh smites you!
* * * LOW HITPOINT WARNING * * *
The orc wizard mumbles some strange words.
The orc wizard blinks!
The orc priest invokes the aid of Beogh against you.
Beogh smites you!
You die...

###### ###.#..#
######.#..o.#
#..@o.o.....#
#.####o..####..#
# ##...........#
#...##.####.##
#..o+.<..#
#...####.###
####........
##.##.### o.#


You could see an orc priest, an orc wizard and 2 orcs.

Vanquished Creatures
  Ijyb (D:2)
  An orc wizard (D:3)
  An adder (D:2)
  A gnoll (D:1)
  2 worms (D:3)
  2 dart slugs
  3 giant geckos
  10 orcs
  3 ball pythons
  2 giant cockroaches
  7 hobgoblins
  2 jackals (D:1)
  A quokka (D:3)
  4 bats
  2 giant newts
  8 goblins
  5 kobolds
  6 rats
61 creatures vanquished.

Vanquished Creatures (collateral kills)
  An orc (D:3)
  A bat (D:3)
2 creatures vanquished.

Grand Total: 63 creatures vanquished

Notes
Turn   | Place    | Note
--------------------------------------------------------------
     0 | D:1      | buf2 the Human Hunter began the quest for the Orb.
     0 | D:1      | Reached XP level 1. HP: 16/16 MP: 1/1
    98 | D:1      | Reached XP level 2. HP: 22/22 MP: 2/2
   291 | D:1      | Reached XP level 3. HP: 27/27 MP: 3/3
   804 | D:2      | Noticed Ijyb
   827 | D:2      | Killed Ijyb
   827 | D:2      | Reached skill level 5 in Crossbows
   827 | D:2      | Reached XP level 4. HP: 26/33 MP: 4/4
  1306 | D:2      | Reached skill level 1 in Armour
  1921 | D:3      | Reached XP level 5. HP: 31/38 MP: 5/5
  1974 | D:3      | Found a faded altar to an unknown god.
  2544 | D:3      | Found a sacrificial altar of Ru.
  3112 | D:4      | Killed from afar by an orc priest

Skill      XL: |  1  2  3  4  5 |
---------------+----------------+-----
Crossbows      | 5 |  5.4
Armour         | 1 |  1.6
Dodging        | 3 |  3.0
Fighting       | |  2.3
Short Blades   | |  0.4
Stealth        | |  1.0
Evocations     | |  0.4

Action                   |  1- 3 |  4- 6 || total
-------------------------+-------+-------++-------
Melee: Short sword       |    34 |   105 ||   139
 Fire: Hand crossbow     |    30 |    56 ||    86
Evoke: Deck              |       |     3 ||     3
  Use: Scroll            |     4 |     6 ||    10
       Potion            |       |     1 ||     1
  Eat: Chunk             |       |     6 ||     6
       Fruit             |       |     1 ||     1
Armor: Leather armour    |     6 |    19 ||    25
Dodge: Dodged            |    19 |    70 ||    89
